 Dungeon Crawl Stone Soup version 0.27.0-1-g7a089689b8 (webtiles) character file.

Game seed: 10523184742776332965

351837 Gunterle the Unseen (level 23, -2/144 HPs)
             Began as a Kobold Delver on Aug 10, 2021.
             Was the Champion of Dithmenos.
             Succumbed to a tengu reaver's bolt of poison
             ... on level 3 of the Vaults on Aug 11, 2021.
             The game lasted 05:40:00 (66102 turns).

Gunterle the Unseen (Kobold Delver)                Turns: 66102, Time: 05:40:01

Health: -2/144     AC: 23    Str: 21    XL:     23   Next: 26%
Magic:  49/49      EV: 46    Int: 20    God:    Dithmenos [******]
Gold:   1341       SH:  9    Dex: 21    Spells: 24/49 levels left

rFire    + + +     SeeInvis +   J - +9 rapier (elec)
rCold    . . .     Faith    .   N - +2 buckler
rNeg     + + +     Spirit   .   C - +6 acid dragon scales
rPois    .         Reflect  .   t - +0 helmet
rElec    +         Harm     .   l - +1 cloak of the Robin {*Corrode +Blink Str+4 SInv}
rCorr    +         Rampage  .   u - +1 pair of gloves
Will     ++...                  n - +2 pair of boots {Stlth+} Stlth **********
                                A - amulet "Ylaarr" {Acrobat *Corrode rF+++ Regen+ MP+9}
HPRegen  1.34/turn              f - ring "Sistruep" {Contam rElec Will+ EV+4 Str+3 Stlth+}
MPRegen  0.31/turn              B - ring "Nounnoz" {rN+++ Str+4 Dex+6}

@: lethally poisoned (-2 -> -16), acrobatic, wreathed by umbra
A: small, no large weapons, nightstalker 3, clumsy 1
}: 2/15 runes: barnacled, gossamer
a: Renounce Religion, Evoke Blink, Shadow Step, Shadow Form


You were on level 3 of the Vaults.
You worshipped Dithmenos.
Dithmenos was exalted by your worship.
You visited 8 branches of the dungeon, and saw 38 of its levels.
You visited the Abyss 1 time.
You also visited: Bailey, Ice Cave and Wizlab.

You collected 5521 gold pieces.
You spent 4180 gold pieces at shops.

Inventory:

Hand Weapons
 J - a +9 rapier of electrocution (weapon)
 R - a +2 vorpal hand crossbow
Missiles
 h - 345 bolts
 y - 3 boomerangs of dispersal (quivered)
 O - 3 atropa-tipped darts
 U - 10 curare-tipped darts
Armour
 l - the +1 cloak of the Robin (worn) {*Corrode +Blink Str+4 SInv}
   (You bought it in a shop on level 2 of the Orcish Mines)

   Str:       It affects your strength (+4).
   SInv:      It lets you see invisible.
   +Blink:    It lets you blink.
   *Corrode:  It may corrode you when you take damage.
 n - a +2 pair of boots of stealth (worn)
 r - a +2 robe of willpower
 t - a +0 helmet (worn)
 u - a +1 pair of gloves (worn)
 w - a +2 robe of resistance
 C - +6 acid dragon scales (worn)
 N - a +2 buckler (worn)
Jewellery
 f - the ring "Sistruep" (left hand) {Contam rElec Will+ EV+4 Str+3 Stlth+}
   (You bought it in a shop on level 1 of the Dungeon)

   [ring of evasion]

   EV:        It affects your evasion (+4).
   Str:       It affects your strength (+3).
   rElec:     It insulates you from electricity.
   Contam:    It causes magical contamination when unequipped.
   Will:      It increases your willpower.
   Stlth:     It makes you more stealthy.
 i - the amulet of the Doge {Spirit rPois rF- Regen+ Slay+3}
   (You bought it in a shop on level 5 of the Dungeon)

   [amulet of guardian spirit]

   It causes incoming damage to be divided between your reserves of health and
   magic.
   Slay:      It affects your accuracy & damage with ranged weapons and melee
   (+3).
   rF:        It makes you vulnerable to fire.
   rPois:     It protects you from poison.
   Regen:     It increases your rate of health regeneration.
 A - the amulet "Ylaarr" (around neck) {Acrobat *Corrode rF+++ Regen+ MP+9}
   (You acquired it on level 3 of the Shoals)

   [amulet of the acrobat]

   It increases your evasion while moving and waiting.
   rF:        It renders you almost immune to fire.
   MP:        It affects your magic capacity (+9).
   Regen:     It increases your rate of health regeneration.
   *Corrode:  It may corrode you when you take damage.
 B - the ring "Nounnoz" (right hand) {rN+++ Str+4 Dex+6}
   (You bought it in a shop on level 5 of the Dungeon)

   [ring of dexterity]

   Str:       It affects your strength (+4).
   Dex:       It affects your dexterity (+6).
   rN:        It renders you almost immune to negative energy.
 D - a ring of ice
Wands
 d - a wand of paralysis (11)
 g - a wand of digging (11)
 s - a wand of iceblast (9)
 W - a wand of mindburst (26)
 X - a wand of flame (105)
Scrolls
 c - 6 scrolls of fog
 e - 2 scrolls of fear
 k - 23 scrolls of identify
 m - 19 scrolls of teleportation
 q - 2 scrolls of silence
 v - 2 scrolls of magic mapping
 I - a scroll of blinking
 P - 3 scrolls of summoning
Potions
 x - 7 potions of ambrosia
 z - 6 potions of brilliance
 E - a potion of flight
 F - 12 potions of heal wounds
 H - 6 potions of haste
 K - 4 potions of magic
 L - 3 potions of cancellation
 M - 5 potions of curing
 Q - a potion of might
 T - 2 potions of invisibility
 Y - 2 potions of berserk rage
 Z - 2 potions of resistance
Miscellaneous
 a - a box of beasts
 b - a lightning rod (4/4)
 o - a tin of tremorstones (1/2)
 p - a piece from Xom's chessboard (15/15)
 G - a phantom mirror
 S - a phial of floods
 V - a condenser vane


   Skills:
 + Level 15.0 Fighting
 + Level 16.9(17.5) Short Blades
 - Level 5.3(9.3) Long Blades
 + Level 7.6 Crossbows
 - Level 8.7 Throwing
 - Level 7.0 Armour
 + Level 15.7 Dodging
 + Level 18.9 Stealth
 - Level 5.6 Shields
 * Level 13.5 Spellcasting
 + Level 2.8 Hexes
 - Level 12.8 Translocations
 + Level 2.8 Air Magic
 + Level 14.2 Invocations
 - Level 15.1 Evocations


You had 24 spell levels left.
You knew the following spells:

 Your Spells              Type           Power      Damage    Failure   Level
a - Blink                 Tloc           N/A        N/A       1%          2
b - Lesser Beckoning      Tloc           29%        N/A       1%          3
c - Manifold Assault      Tloc           59%        N/A       1%          5
d - Teleport Other        Tloc           59%        N/A       1%          3
e - Dispersal             Tloc           29%        N/A       4%          6
f - Apportation           Tloc           100%       N/A       1%          1
g - Silence               Hex/Air        12%        N/A       45%         5

Your spell library contained the following spells:

 Spells                   Type           Power      Damage    Failure   Level
 Corona                   Hex            26%        N/A       1%          1
 Gell's Gravitas          Tloc           29%        N/A       1%          3
 Slow                     Hex            24%        N/A       2%          2
 Ensorcelled Hibernation  Hex/Ice        38%        N/A       4%          2
 Poisonous Vapours        Pois/Air       38%        N/A       4%          2
 Confusing Touch          Hex            24%        N/A       5%          3
 Tukima's Dance           Hex            24%        N/A       5%          3
 Sting                    Tmut/Pois      52%        1d5       6%          1
 Sublimation of Blood     Necr           6%         N/A       9%          2
 Dazzling Flash           Conj/Hex       38%        N/A       10%         3
 Inner Flame              Hex/Fire       19%        N/A       10%         3
 Mephitic Cloud           Conj/Pois/Air  17%        N/A       12%         3
 Summon Forest            Summ/Tloc      19%        N/A       12%         5
 Ignite Poison            Fire/Tmut/Pois 13%        N/A       19%         3
 Spider Form              Tmut/Pois      6%         N/A       19%         3
 Stone Arrow              Conj/Erth      26%        3d8       19%         3
 Vampiric Draining        Necr           6%         2d6       19%         3
 Leda's Liquefaction      Hex/Erth       9%         N/A       32%         4
 Animate Dead             Necr           6%         N/A       52%         4
 Dispel Undead            Necr           13%        3d9       52%         4
 Olgreb's Toxic Radiance  Pois           13%        N/A       52%         4
 Petrify                  Tmut/Erth      13%        N/A       52%         4
 Summon Ice Beast         Ice/Summ       13%        N/A       52%         4
 Summon Mana Viper        Hex/Summ       19%        N/A       67%         5
 Yara's Violent Unravell  Hex/Tmut       9%         3d6       67%         5
 Freezing Cloud           Conj/Ice/Air   8%         6-21      73%         5
 Agony                    Necr           13%        N/A       86%         5
 Alistair's Intoxication  Tmut/Pois      8%         N/A       86%         5
 Blade Hands              Tmut           6%         N/A       86%         5
 Bolt of Magma            Conj/Fire/Erth 6%         4d6       86%         5
 Borgnjor's Vile Clutch   Necr/Erth      6%         N/A       86%         5
 Fireball                 Conj/Fire      6%         3d5       86%         5
 Irradiate                Conj/Tmut      6%         3d15      86%         5
 Disjunction              Tloc           29%        N/A       90%         8
 Malign Gateway           Summ/Tloc      19%        N/A       98%         7
 Eringya's Noxious Bog    Tmut/Pois      6%         N/A       100%        6
 Shadow Creatures         Summ           N/A        N/A       100%        6
 Simulacrum               Ice/Necr       6%         N/A       100%        6
 Statue Form              Tmut/Erth      8%         N/A       100%        6
 Dragon Form              Tmut           6%         N/A       100%        7
 Haunt                    Necr/Summ      6%         N/A       100%        7
 Monstrous Menagerie      Summ           6%         N/A       100%        7
 Storm Form               Tmut/Air       9%         N/A       100%        7
 Infestation              Necr           6%         N/A       100%        8
 Summon Horrible Things   Summ           6%         N/A       100%        8
 Polar Vortex             Ice            6%         N/A       100%        9
 Shatter                  Erth           6%         3d9*      100%        9


Dungeon Overview and Level Annotations

Branches:
Dungeon (15/15)            Temple (1/1) D:6            Lair (6/6) D:11
 Shoals (4/4) Lair:2       Spider (4/4) Lair:2        Slime (0/5) Lair:6
    Orc (2/2) D:9             Elf (3/3) Orc:2        Vaults (3/5) D:13
  Crypt (0/3) Vaults:2     Depths (0/5) D:15         Bailey (visited)
  IceCv (visited)          WizLab (visited)

Altars:
Ashenzari
Cheibriados
Dithmenos
Elyvilon
Fedhas
Gozag
Hepliaklqana
Kikubaaqudgha
Makhleb
Okawaru
Qazlal
Ru
Sif Muna
Trog
Uskayaw
Vehumet
Wu Jian
Xom
Yredelemnul
Zin
The Shining One
Beogh

Shops:
D:1 =   D:5 =   D:10 (   Orc:1 :   Orc:2 (*[[   Shoals:3 *

Annotations:
D:4 exclusion: jelly
D:5 exclusion: jelly
D:6 exclusions: boulder beetle, orc warrior, ugly thing, water moccasin and zombie
D:10 1 runed translucent door, Tutankhamun's ghost, journeyman GrGl
D:11 exclusion: 2 doors
Lair:2 exclusion: oklob plant
Lair:5 2 transporters
Lair:6 exclusion: 4 oklob plants
Shoals:1 exclusion: 2 ice statues


Innate Abilities, Weirdness & Mutations

You are small and have problems with some larger weapons.
You are completely attuned to the shadows.
You are clumsy. (Dex -2)


Message History

The tengu reaver barely misses you. The tengu reaver misses you.
The tengu reaver barely misses you.
You puncture the tengu reaver!
The tengu reaver is heavily wounded.
Your shadow hits the tengu reaver but does no damage.
You hit the tengu reaver.
Lightning courses through the tengu reaver!
The tengu reaver is severely wounded.
Your shadow hits the tengu reaver with a rapier.
The tengu reaver hits you with a +1 battleaxe!!
The tengu reaver pecks you but does no damage.
The tengu reaver closely misses you.
You hit the tengu reaver.
The tengu reaver is severely wounded.
You barely miss the tengu reaver.
The tengu reaver is severely wounded.
An ironbound thunderhulk comes into view.
It is wielding a +0 great mace and wearing a +2 robe of positive energy.
The tengu reaver closely misses you. You block the tengu reaver's attack.
The tengu reaver completely misses you.
You hit the tengu reaver.
The tengu reaver is severely wounded.
Your shadow hits the tengu reaver with a rapier.
Unknown command.
You hit the tengu reaver.
The tengu reaver is almost dead.
The tengu reaver hits you with a +1 battleaxe!!
* * * LOW HITPOINT WARNING * * *
You emit a cloud of dark smoke.
The tengu reaver completely misses you.
The tengu reaver claws you but does no damage.
Unknown command.
As you read the scroll of fear, it crumbles to dust.
You assume a fearsome visage.
The tengu reaver looks frightened!
The ironbound thunderhulk looks frightened!
The ironbound thunderhulk pleads, "Please don't kill me!"
The tengu reaver points at you and mumbles some strange words.
The bolt of poison hits you!!
You are poisoned.
* * * LOW HITPOINT WARNING * * *
You emit a cloud of dark smoke.
You die...

......#.......#
.###..######### ...#
.###..# #...# ..##..#
##...#.
......#############....'.
......'.........O§§....'.
..##..#.....?...§Q##...#
.###..#.........§§##...#
.###..'.).....?.@§##...#
......'...........##D..#
......#......^....##...#
#######...........#
#...........#
#...........#
#############


You could see a tengu reaver (fleeing).

Vanquished Creatures
  A golden dragon (Vaults:3)
  Jorgrun (D:12)
  An Ice Fiend (IceCv)
  2 deep elf blademasters (Elf:2)
  3 deep elf master archers (Elf:3)
  A kraken (Shoals:4)
  Kirke (Lair:5)
  A sphinx (Vaults:3)
  10 deep elf sorcerers
  4 vault wardens
  4 ghost moths (Spider:4)
  7 emperor scorpions
  5 deep elf elementalists
  2 stone giants
  11 ironbound preservers
  4 very ugly things (Vaults:3)
  2 entropy weavers
  4 dire elephants
  6 deep elf annihilators
  5 deep elf demonologists (Elf:3)
  A spark wasp (Spider:4)
  A blizzard demon (Elf:2)
  2 merfolk javelineers
  2 ettins
  5 yaktaur captains
  9 deep elf death magi
  7 merfolk impalers
  5 deep elf high priests (Elf:3)
  A great orb of eyes (Vaults:3)
  8 hydras
  4 ironbound thunderhulks (Vaults:2)
  An ice dragon (Lair:6)
  12 vault guards
  Fannar (D:12)
  5 boulder beetles
  A hell beast (WizLab)
  2 merfolk aquamancers (Shoals:4)
  4 merfolk avatars
  2 catoblepae (Lair:6)
  12 centaur warriors
  6 ironbound frosthearts
  5 death yaks
  2 alligator snapping turtles
  5 satyrs
  6 two-headed ogres
  25 dancing weapons
  5 orc high priests (Orc:2)
  3 tengu warriors
  3 ironbound beastmasters (Vaults:1)
  25 deep elf knights
  Sonja (D:12)
  Nergalle (D:11)
  2 soul eaters
  A sixfirhy (WizLab)
  7 skeletal warriors
  33 deep trolls
  A golden dragon skeleton (Vaults:2)
  A bog body (IceCv)
  2 wizards
  4 lindwurms
  11 sea snakes
  3 glowing orange brains
  A tengu zombie (Vaults:1)
  14 orc knights
  8 ironbound convokers
  18 deep elf archers
  A necromancer (Vaults:1)
  34 harpies
  A shadow dragon skeleton (Vaults:2)
  21 wolf spiders
  27 deep elf pyromancers
  5 large abominations (Elf:1)
  17 orb spiders
  2 orc sorcerers
  A phantasmal warrior (D:14)
  21 deep elf zephyrmancers
  14 fauns
  12 ugly things
  16 manticores
  A tengu skeleton (Vaults:2)
  2 sphinx skeletons (Vaults:2)
  4 cyclopes
  A centaur zombie (D:11)
  13 elephants
  Joseph (D:8)
  4 moths of wrath
  6 torpor snails
  5 black mambas
  12 merfolk sirens
  3 stone giant skeletons (Vaults:2)
  4 water nymphs
  11 vault sentinels
  A water nymph (shapeshifter) (Vaults:2)
  3 gargoyles
  An elf skeleton (Vaults:2)
  13 cane toads
  3 rime drakes (Lair:6)
  A kobold demonologist (D:12)
  Psyche (D:12)
  A yaktaur zombie (Vaults:1)
  10 yaktaurs
  3 freezing wraiths
  13 komodo dragons
  13 demonic crawlers
  4 entropy weaver simulacra (IceCv)
  A hellion (WizLab)
  12 ice devils (IceCv)
  2 red devils (WizLab)
  10 trolls
  2 golden dragon simulacra (IceCv)
  A tengu conjurer (D:14)
  2 anaconda simulacra (IceCv)
  22 merfolk
  34 jumping spiders
  5 polar bears
  3 meliai (D:15)
  7 wind drakes
  4 tyrant leeches (Lair:6)
  A polar bear (shapeshifter) (D:14)
  15 hornets
  23 slime creatures
  14 blink frogs
  12 snapping turtles
  A dream sheep (D:11)
  A meliai zombie (D:11)
  2 human simulacra (Vaults:1)
  2 air elementals
  57 redbacks
  3 dire elephant simulacra (IceCv)
  4 shadows
  23 tarantellas
  6 wyverns
  3 spriggan simulacra (IceCv)
  3 water elementals
  3 ynoxinuls (WizLab)
  2 wraiths
  31 yaks
  5 basilisks
  22 humans
  A neqoxec (WizLab)
  A hog (shapeshifter) (Elf:2)
  A human (shapeshifter) (D:13)
  3 steam dragons (D:9)
  A warg (Orc:2)
  9 minotaur simulacra (IceCv)
  7 vampire mosquitoes
  A harpy simulacrum (IceCv)
  3 acid dragons
  21 water moccasins
  A hydra simulacrum (IceCv)
  A sky beast (D:7)
  A black bear (D:11)
  An ice beast (D:6)
  2 ettin simulacra (IceCv)
  44 orc warriors
  12 centaurs
  7 ogres
  11 wolves
  A boggart (Vaults:2)
  A phantom (D:4)
  4 elf zombies (Elf:1)
  6 kobold brigands
  19 bullfrogs
  A wyvern zombie (D:9)
  2 jellies
  4 deep troll simulacra (IceCv)
  2 earth elementals
  2 human skeletons (Vaults:2)
  2 wyvern skeletons (D:7)
  16 killer bees
  9 wights
  8 howler monkeys
  3 electric eels
  22 orc priests
  2 hounds
  A bullfrog skeleton (D:4)
  A gnoll shaman (D:7)
  4 iguanas
  12 orc wizards
  2 killer bee zombies
  A hound zombie (D:5)
  A hound skeleton (D:4)
  3 howler monkey zombies (D:9)
  4 adders
  8 gnolls
  3 white imps
  2 ufetubi
  2 dart slugs
  104 orcs
  9 bats
  8 endoplasms
  A giant cockroach (D:4)
  7 goblins
  10 hobgoblins
  6 jackals
  6 quokkas
  5 ball pythons
  4 frilled lizards
  10 kobolds
  9 rats
1452 creatures vanquished.

Vanquished Creatures (others)
  A deep elf knight (Elf:3)
  An orb spider (Spider:3)
  A deep elf zephyrmancer (Elf:2)
  2 humans (Lair:5)
  An orc wizard (Orc:1)
  2 bushes (Lair:6)
  38 fungi
  104 plants
  4 tentacles (Shoals:4)
  2 withered plants (D:10)
156 creatures vanquished.

Grand Total: 1608 creatures vanquished

Notes
Turn   | Place    | Note
-------+----------+-------------------------------------------
     0 | D:5      | Gunterle the Kobold Delver began the quest for the Orb.
     0 | D:5      | Reached XP level 1. HP: 14/14 MP: 1/1
    10 | D:5      | Found Baynaene's Jewellery Shoppe.
    51 | D:6      | Noticed an iguana
   241 | D:6      | Found a staircase to the Ecumenical Temple.
   250 | Temple   | Entered the Ecumenical Temple
   313 | Temple   | Became a worshipper of Dithmenos the Shadowed
   492 | D:6      | Noticed a jelly
   554 | D:6      | Noticed a hound
   635 | D:6      | Noticed an orc warrior
   644 | D:6      | Noticed a boulder beetle
   738 | D:6      | Noticed an ice beast
   820 | D:5      | Reached XP level 2. HP: 5/19 MP: 2/2
  1067 | D:5      | Noticed a howler monkey
  1091 | D:5      | Killed a howler monkey
  1092 | D:5      | Reached skill level 7 in Stealth
  1092 | D:5      | Reached XP level 3. HP: 3/24 MP: 3/3
  1092 | D:5      | Reached XP level 4. HP: 4/29 MP: 4/4
  1740 | D:5      | Reached XP level 5. HP: 25/33 MP: 5/5
  1798 | D:5      | Noticed a centaur
  1803 | D:5      | Killed a centaur
  1804 | D:5      | Reached skill level 5 in Short Blades
  1868 | D:5      | Found an ancient bone altar of Kikubaaqudgha.
  1892 | D:5      | Reached XP level 6. HP: 38/38 MP: 6/6
  2206 | D:5      | Found a stormy altar of Qazlal.
  2846 | D:4      | Reached XP level 7. HP: 44/44 MP: 7/7
  3016 | D:4      | Reached skill level 8 in Stealth
  3422 | D:4      | Identified the +0 scale mail of Iptyunne {rPois Will+}
  3562 | D:3      | Reached * piety under Dithmenos
  4529 | D:1      | Found a faded altar of an unknown god.
  4597 | D:1      | Found Feinocwu's Jewellery Shop.
  4795 | D:2      | Reached ** piety under Dithmenos
  5404 | D:3      | Learned a level 2 spell: Blink
  5834 | D:3      | Reached skill level 1 in Invocations
  6584 | D:6      | Reached skill level 5 in Fighting
  6596 | D:6      | Noticed an acid dragon
  6600 | D:6      | Killed an acid dragon
  6601 | D:6      | Reached XP level 8. HP: 49/49 MP: 9/9
  6693 | D:6      | Reached skill level 5 in Dodging
  6693 | D:6      | Reached skill level 1 in Evocations
  6849 | D:6      | Noticed a green ugly thing
  7903 | D:7      | Noticed a troll
  7975 | D:7      | Reached skill level 1 in Armour
  8220 | D:7      | Reached skill level 9 in Stealth
  8220 | D:7      | Reached XP level 9. HP: 30/55 MP: 11/11
  9421 | D:7      | Killed a troll
  9623 | D:8      | Noticed a two-headed ogre
  9632 | D:8      | Killed a two-headed ogre
  9674 | D:8      | Noticed Joseph
  9678 | D:8      | Killed Joseph
  9679 | D:8      | Reached skill level 10 in Short Blades
  9679 | D:8      | Reached XP level 10. HP: 61/61 MP: 13/13
  9731 | D:8      | Found a hazy altar of Hepliaklqana.
  9755 | D:8      | Reached skill level 10 in Stealth
 10089 | D:8      | Found a radiant altar of Vehumet.
 10557 | D:9      | Reached *** piety under Dithmenos
 10986 | D:9      | Found a staircase to the Orcish Mines.
 11321 | D:9      | Reached skill level 5 in Invocations
 11347 | D:9      | Reached skill level 5 in Evocations
 11353 | D:9      | Noticed a two-headed ogre
 12053 | D:9      | Found an opulent altar of Gozag.
 12226 | D:9      | Reached XP level 11. HP: 62/67 MP: 13/15
 12600 | D:9      | Killed a two-headed ogre
 13249 | D:10     | Entered Level 10 of the Dungeon
 13306 | D:10     | Found a runed translucent door.
 13306 | D:10     | Noticed Tutankhamun's ghost (journeyman GrGl)
 13314 | D:9      | Identified a scroll of acquirement
 13315 | D:9      | Acquired a manual of Evocations
 13375 | D:10     | Found Yniakk's Antique Weapon Boutique.
 13398 | D:10     | Reached skill level 11 in Stealth
 13839 | D:10     | Reached skill level 1 in Spellcasting
 14392 | D:11     | Noticed a death yak
 14392 | D:11     | Noticed a death yak
 14393 | D:11     | Noticed a death yak
 14394 | D:11     | Noticed a death yak
 14394 | D:11     | Noticed a death yak
 14455 | D:11     | Noticed a death yak
 14455 | D:11     | Noticed a death yak
 14456 | D:11     | Noticed a death yak
 14456 | D:11     | Noticed a death yak
 14458 | D:11     | Noticed a death yak
 14514 | D:11     | Reached skill level 1 in Translocations
 14643 | D:11     | Reached **** piety under Dithmenos
 14653 | D:11     | Noticed Nergalle
 14666 | D:11     | Killed Nergalle
 15003 | D:11     | Noticed a two-headed ogre
 15007 | D:11     | Killed a two-headed ogre
 15128 | D:11     | Noticed an elephant
 15164 | D:11     | Killed an elephant
 15210 | D:11     | Found a staircase to the Lair.
 15242 | D:11     | Reached XP level 12. HP: 73/73 MP: 16/16
 15576 | D:12     | Noticed a four-headed hydra
 15579 | D:12     | Killed a four-headed hydra
 15636 | D:12     | Noticed Psyche
 15637 | D:12     | Killed Psyche
 15780 | D:12     | Reached skill level 5 in Armour
 15806 | D:12     | Found a flagged portal.
 15818 | Bailey   | Entered a bailey
 16291 | Bailey   | Reached skill level 12 in Stealth
 16305 | Bailey   | Reached skill level 1 in Throwing
 16549 | D:12     | Reached ***** piety under Dithmenos
 16683 | D:12     | Reached XP level 13. HP: 58/80 MP: 18/18
 16816 | D:12     | Noticed Sonja
 16819 | D:12     | Killed Sonja
 16889 | D:12     | Noticed Jorgrun
 16892 | D:12     | Noticed Fannar
 16893 | D:12     | Killed Jorgrun
 16897 | D:12     | Killed Fannar
 16898 | D:12     | Reached skill level 10 in Evocations
 17337 | Orc:1    | Entered Level 1 of the Orcish Mines
 17429 | D:9      | Learned a level 3 spell: Lesser Beckoning
 17591 | Orc:1    | Noticed an ettin
 17597 | Orc:2    | Entered Level 2 of the Orcish Mines
 17875 | D:9      | Reached skill level 5 in Translocations
 17901 | Orc:1    | Reached skill level 5 in Spellcasting
 18000 | D:9      | Reached skill level 10 in Dodging
 18356 | D:1      | Bought the ring "Sistruep" {Contam rElec Will+ EV+4 Str+3
                  | Stlth+} for 709 gold pieces
 18951 | Orc:2    | Found a staircase to the Elven Halls.
 19289 | D:9      | Reached skill level 13 in Stealth
 19401 | Orc:2    | Reached skill level 1 in Long Blades
 19401 | Orc:2    | Reached XP level 14. HP: 75/87 MP: 21/21
 20033 | Orc:2    | Reached skill level 10 in Fighting
 20119 | Orc:2    | Gained mutation: You occasionally shout uncontrollably at
                  | your foes. [a neqoxec]
 20335 | Orc:2    | Found Zoes's Antique Armour Shoppe.
 20336 | Orc:2    | Found Votonaq's Antique Armour Emporium.
 20337 | Orc:2    | Found Hatug's Weapon Shoppe.
 20337 | Orc:2    | Found Jyezes's Assorted Antiques.
 20350 | Orc:2    | Bought a distressingly furry cloak for 237 gold pieces
 20350 | Orc:2    | Identified the +1 cloak of the Robin {*Corrode +Blink Str+4
                  | SInv} (You bought it in a shop on level 2 of the Orcish
                  | Mines)
 20352 | Orc:2    | Bought a pair of glowing boots for 255 gold pieces
 20706 | Orc:1    | Found Nilascha's Book Emporium.
 20951 | Lair:1   | Entered Level 1 of the Lair of Beasts
 20992 | D:11     | Reached skill level 5 in Throwing
 22091 | Lair:2   | Found a staircase to the Shoals.
 22205 | Lair:2   | Found a hole to the Spider Nest.
 24316 | Lair:4   | Reached XP level 15. HP: 93/93 MP: 24/24
 25658 | Lair:5   | Reached skill level 14 in Stealth
 26115 | Lair:5   | Found a transporter.
 26138 | Lair:5   | Found a transporter.
 26566 | Lair:5   | Noticed Kirke
 26595 | Lair:5   | Killed Kirke
 27020 | Lair:5   | Learned a level 5 spell: Manifold Assault
 27051 | Lair:6   | Entered Level 6 of the Lair of Beasts
 28488 | Lair:6   | Found a staircase to the Slime Pits.
 29015 | Lair:6   | Reached skill level 10 in Invocations
 29105 | Lair:6   | Reached XP level 16. HP: 85/100 MP: 13/27
 29450 | Lair:6   | Found a runed translucent door.
 30131 | D:5      | Bought the amulet of the Doge {Spirit rPois rF- Regen+
                  | Slay+3} for 655 gold pieces
 31782 | D:13     | Found a gate to the Vaults.
 31788 | D:13     | Got the Handbook of Fallacy
 31862 | D:13     | Reached skill level 15 in Stealth
 33092 | D:14     | Reached skill level 5 in Long Blades
 33463 | D:15     | Entered Level 15 of the Dungeon
 35052 | D:15     | Found a staircase to the Depths.
 35275 | D:11     | Lost mutation: You occasionally shout uncontrollably at
                  | your foes. [potion of mutation]
 35275 | D:11     | Gained mutation: You are frail. (-10% HP) [potion of
                  | mutation]
 35275 | D:11     | Gained mutation: You tend to lose your temper in combat.
                  | [potion of mutation]
 35276 | D:11     | Lost mutation: You are frail. (-10% HP) [potion of
                  | mutation]
 35276 | D:11     | Lost mutation: You tend to lose your temper in combat.
                  | [potion of mutation]
 35276 | D:11     | Gained mutation: You are clumsy. (Dex -2) [potion of
                  | mutation]
 35276 | D:11     | Gained mutation: Your muscles are strong. (Str +2) [potion
                  | of mutation]
 35276 | D:11     | Lost mutation: Your muscles are strong. (Str +2) [potion of
                  | mutation]
 35333 | Elf:1    | Entered Level 1 of the Elven Halls
 35351 | Elf:1    | Found a radiant altar of Vehumet.
 35517 | Spider:1 | Entered Level 1 of the Spider Nest
 35532 | Spider:1 | Reached XP level 17. HP: 106/106 MP: 29/29
 37763 | Spider:2 | Reached ****** piety under Dithmenos
 38343 | Spider:2 | Reached skill level 15 in Evocations
 39080 | Spider:3 | Reached skill level 1 in Crossbows
 39490 | Spider:4 | Entered Level 4 of the Spider Nest
 39539 | Spider:3 | Learned a level 3 spell: Teleport Other
 39546 | Spider:3 | Learned a level 6 spell: Dispersal
 39900 | Shoals:1 | Entered Level 1 of the Shoals
 39938 | Shoals:1 | Found a frozen archway.
 39944 | IceCv    | Entered an ice cave
 41270 | IceCv    | Reached XP level 18. HP: 113/113 MP: 31/31
 41633 | IceCv    | Noticed an Ice Fiend
 41635 | IceCv    | Killed an Ice Fiend
 41903 | IceCv    | Identified the +1 ice dragon scales of Minor Irritation
                  | {rPois rF- rC++}
 41911 | IceCv    | Identified the +8 mace of Destruction {venom, rCorr Str+4
                  | Int+2}
 43270 | Shoals:2 | Reached skill level 16 in Stealth
 43344 | Shoals:2 | Reached skill level 1 in Shields
 45279 | Shoals:3 | Found Sonwetir's Overcharged Wands.
 46766 | Shoals:4 | Entered Level 4 of the Shoals
 46840 | Shoals:3 | Acquired the amulet "Ylaarr" {Acrobat *Corrode rF+++ Regen+
                  | MP+9}
 47108 | Shoals:4 | Reached skill level 10 in Spellcasting
 47301 | Shoals:4 | Reached XP level 19. HP: 104/119 MP: 24/33
 47408 | Shoals:4 | Identified the +11 spear of True Grit {vorpal, Int+3}
 47556 | Shoals:4 | Got a barnacled rune of Zot
 48226 | Shoals:4 | Reached skill level 10 in Translocations
 48468 | Shoals:4 | Reached skill level 5 in Crossbows
 51008 | Spider:4 | Reached skill level 5 in Shields
 52058 | Spider:4 | Reached skill level 17 in Stealth
 52287 | Spider:4 | Got a gossamer rune of Zot
 52793 | Elf:1    | Reached skill level 15 in Short Blades
 52952 | Elf:1    | Reached XP level 20. HP: 125/125 MP: 34/34
 53633 | Elf:1    | Got the Collected Works on Evil
 54318 | Elf:1    | Found a white marble altar of Elyvilon.
 54318 | Elf:1    | Found a glowing silver altar of Zin.
 54318 | Elf:1    | Found a glowing golden altar of the Shining One.
 54464 | Elf:2    | Found a magical portal.
 54469 | WizLab   | Entered The Hall of the Hellbinder
 55549 | Elf:2    | Found a runed translucent gate.
 55549 | Elf:2    | Found a runed translucent gate.
 55549 | Elf:2    | Found a runed translucent gate.
 56134 | Elf:3    | Entered Level 3 of the Elven Halls
 56984 | Elf:3    | Acquired a Grand Grimoire
 57202 | Elf:3    | Paralysed by an air elemental for 1 turns
 57210 | Elf:3    | Paralysed by an air elemental for 1 turns
 58266 | D:5      | Bought the ring "Nounnoz" {rN+++ Str+4 Dex+6} for 1328 gold
                  | pieces
 58800 | Elf:2    | Reached XP level 21. HP: 78/132 MP: 36/36
 60099 | Elf:3    | Reached skill level 18 in Stealth
 60249 | Elf:3    | Identified the +1 scale mail of the Bulwark {rN+}
 60636 | Elf:3    | Got the Guide on Burning Flight
 60740 | Elf:3    | Identified the +11 gold dragon scales of Koolyek {rPois rF+
                  | rC+ Slay+6}
 60847 | Elf:3    | Cast into level 3 of the Abyss (a deep elf demonologist)
 60879 | Elf:3    | Escaped the Abyss
 60890 | Elf:3    | Reached skill level 15 in Dodging
 61073 | Orc:2    | Bought a scroll of magic mapping for 91 gold pieces
 61073 | Orc:2    | Bought a scroll of enchant armour for 195 gold pieces
 61073 | Orc:2    | Bought a potion of heal wounds for 130 gold pieces
 61073 | Orc:2    | Bought a potion of heal wounds for 130 gold pieces
 61157 | Orc:1    | Bought the Catalogue of Displaced Dark Arts for 450 gold
                  | pieces
 61427 | Vaults:1 | Entered Level 1 of the Vaults
 61824 | Vaults:1 | Reached XP level 22. HP: 138/138 MP: 38/38
 62581 | Vaults:1 | Learned a level 1 spell: Apportation
 64060 | Vaults:2 | Learned a level 5 spell: Silence
 64383 | Vaults:2 | Found a staircase to the Crypt.
 64438 | Vaults:2 | Reached skill level 1 in Hexes
 64450 | Vaults:2 | Reached skill level 1 in Air Magic
 65776 | Vaults:3 | Reached XP level 23. HP: 144/144 MP: 40/40
 65800 | Vaults:3 | Reached skill level 15 in Fighting
 66007 | Vaults:3 | Noticed a golden dragon
 66076 | Vaults:3 | Killed a golden dragon
 66101 | Vaults:3 | HP: 3/144 [tengu reaver/bolt of poison (30)]
 66102 | Vaults:3 | Succumbed to a tengu reaver's bolt of poison

Illustrated notes

Levels and vault maps discovered:
D:1:      matt_arrival_diagonals, layout_basic, ebering_ecumenical_altar_mist,
          serial_shops, nicolae_shop_behind_doors, minmay_hexomino_p4
D:2:      layout_basic, minmay_misc_feat_tiny
D:3:      wander_river, layout_basic
D:4:      layout_loops_corners
D:5:      layout_basic, mainiacjoe_overflow_swirl, serial_shops,
          nicolae_shop_competitors_out_of_business
D:6:      layout_gridville, nemelex_diamond_rough_becter,
          minmay_temple_entry_waves, serial_shops, shop_fountains, kb_rosetta
D:7:      layout_basic
D:8:      layout_gridville, nicolae_vehumet_altar_sigil,
          mainiacjoe_overflow_boulevard, uniq_joseph
D:9:      minmay_four_partial_circles, layout_layer_cave,
          mainiacjoe_overflow_concentric_impassable
D:10:     layout_basic, serial_shops, nicolae_diamond_shop,
          gammafunk_ghost_grave
D:11:     slaughterhouse, layout_gridville, david_lair_generic, uniq_nergalle
D:12:     layout_roguey, enter_bailey_3, st_stairs_2, serial_park_tiny_1,
          uniq_jorgrun, uniq_sonja, uniq_fannar, uniq_psyche
D:13:     layout_stronghold, grunt_vaults_entry_tiered, kennysheep_doodads
D:14:     layout_stronghold, chequers_garden
D:15:     grunt_enter_depths_snipers, layout_basic
Temple:   eino_temple_scatter_basement
Lair:1:   layout_roguey, lemuel_another_geyser
Lair:2:   layout_chaotic_city, minmay_shoals_entry_centaurs,
          nicolae_spider_entry_tight_spaces, minmay_lair_oklob_bushes,
          grunt_megastairs_4
Lair:3:   layout_roguey, grunt_megastairs_3
Lair:4:   layout_roguey, infiniplex_staircase_pool_2
Lair:5:   gammafunk_worm_tunnel, layout_cave_pods, serial_bayou_ford_a,
          uniq_kirke
Lair:6:   wormcave, layout_hall_layers, hangedman_lair_in_review,
          minmay_slime_entry_oklob_open, guppyfry_lair_drakes
Shoals:1: layout_shoals, portal_ice_cave_entry_ice_statue_two
Shoals:2: layout_shoals
Shoals:3: layout_shoals, nicolae_shop_overcharged_wands
Shoals:4: shoals_end_hangedman, layout_shoals, nicolae_shoals_loop_pool
Spider:1: layout_spider_delve
Spider:2: layout_spider_delve
Spider:3: layout_spider_delve, nicolae_orb_island
Spider:4: guppyfry_spider_rune, hangedman_spider_tarantella_strand
Orc:1:    layout_caves, serial_shops, shop
Orc:2:    st_orc_pillars, layout_caves, mines2_david
Elf:1:    eino_elf_arrival_altar, layout_onion_city,
          portal_desolation_entry_holy_temple, minmay_elf_necromancy
Elf:2:    nicolae_elf_blades_splatter_lattice [nooodl_blade_entry_preview],
          layout_loops_ring, infiniplex_enter_wizlab_spiral, minivault_4
Elf:3:    nooodl_elf_gasket, layout_geoelf_diagonals, grunt_megastairs_1
Vaults:1: grunt_vaults_diagonal, nicolae_vaults_network_periphery,
          vaults_room_grid, v_misc_13, v_misc_17, nicolae_vaults_alarming,
          nicolae_vaults_windows_and_doors_thing, v_misc_12,
          nicolae_vaults_triangles, v_rooms_3, ontoclasm_vaults_claustrophobia,
          ontoclasm_vaults_hangar, nicolae_vaults_circle_grid_a,
          ontoclasm_vaults_decontamination, nicolae_vaults_theta,
          layout_vaults_ring
Vaults:2: v_misc_17, st_squares, v_alt_pattern_5, hangedman_vaults_trim,
          minmay_crypt_entry_skeletal_spiral, nicolae_vaults_network_s,
          v_misc_24, ontoclasm_vaults_loading_screen, vaults_dpeg_doors,
          vaults_mumra_minichess, vaults_dpeg_diagonal, layout_vaults_omnigrid
Vaults:3: v_misc_4, st_greater_box_2, nicolae_vaults_little_squares_6,
          vaults_room_door_hall, vaults_dpeg_ring, nicolae_vaults_gold_heap,
          nicolae_vaults_border_crossing, vaults_room_grunt_arrival_ludios,
          layout_vaults_maze_bifur, serial_shops, shop, uniq_jory

Skill      XL: |  1  2  3  4  5  6  7  8  9 10 11 12 13 14 15 16 17 18 19 20 21 22 23 |
---------------+----------------------------------------------------------------------+-----
Short Blades   | 3 4 5 6 7 8 10 11 12 13 14 15 16 | 16.9
Dodging        | 3 4 5 6 7 8 9 10 11 12 13 14 15 | 15.7
Stealth        | 7 8 9 10 11 12 13 14 15 16 17 18 | 18.9
Fighting       | 4 5 6 7 8 9 10 11 12 13 14 15 | 15.0
Invocations    | 1 2 4 5 6 7 8 9 10 11 12 13 14 | 14.2
Evocations     | 2 4 5 7 9 10 12 13 14 15 | 15.1
Armour         | 1 2 3 4 5 6 7 |  7.0
Spellcasting   | 2 3 5 6 7 8 9 10 11 12 13 | 13.5
Translocations | 2 3 5 6 7 8 9 10 11 12 | 12.8
Throwing       | 1 4 5 7 8 |  8.7
Long Blades    | 1 3 4 5 |  5.3
Crossbows      | 2 4 5 7 |  7.6
Shields        | 3 5 |  5.6
Hexes          | 2 |  2.8
Air Magic      | 2 |  2.8

Action                   |  1- 3 |  4- 6 |  7- 9 | 10-12 | 13-15 | 16-18 | 19-21 | 22-24 || total
-------------------------+-------+-------+-------+-------+-------+-------+-------+-------++-------
Melee: Short sword       |    24 |    66 |   285 |   166 |   147 |   175 |    33 |       ||   896
       Dagger            |       |       |    67 |   518 |  1941 |  2291 |   558 |       ||  5375
       Rapier            |       |       |       |       |       |       |  1463 |   714 ||  2177
Throw: Dart              |       |     6 |     9 |    28 |    17 |    67 |    59 |       ||   186
       Throwing net      |       |       |       |       |       |     1 |       |       ||     1
       Boomerang         |       |       |       |       |       |       |       |     1 ||     1
 Cast: Blink             |       |       |       |     1 |    10 |    14 |     2 |     1 ||    28
       Manifold Assault  |       |       |       |       |       |    11 |     6 |     3 ||    20
       Lesser Beckoning  |       |       |       |       |       |       |    57 |     7 ||    64
       Dispersal         |       |       |       |       |       |       |     4 |       ||     4
       Apportation       |       |       |       |       |       |       |       |     3 ||     3
Invok: Shadow Step       |       |       |       |     2 |    12 |    15 |    12 |     1 ||    42
 Abil: Evoke Blink       |       |       |       |       |     1 |       |       |       ||     1
Evoke: Wand              |       |       |     6 |    32 |    21 |    68 |    50 |     3 ||   180
       Tin of tremorston |       |       |       |       |     1 |     8 |     7 |     2 ||    18
       Lightning rod     |       |       |       |       |       |    10 |       |       ||    10
       Condenser vane    |       |       |       |       |       |       |     1 |       ||     1
  Use: Potion            |     1 |       |       |     3 |     2 |     6 |     1 |       ||    13
       Scroll            |       |       |    12 |     9 |     7 |    11 |    21 |     1 ||    61
 Stab: Sleeping          |       |     8 |    54 |    29 |    63 |   137 |    79 |    49 ||   419
       Distracted        |       |     1 |     5 |     4 |    15 |     6 |     8 |     5 ||    44
       Paralysed         |       |       |     2 |     9 |     2 |     1 |       |       ||    14
       Invisible         |       |       |       |     6 |       |       |     3 |       ||     9
       Petrified         |       |       |       |       |     2 |       |       |       ||     2
Armor: Leather armour    |     2 |    13 |    25 |       |       |       |       |       ||    40
       Acid dragon scale |       |       |    18 |   102 |   237 |   364 |   308 |    74 ||  1103
       Robe              |       |       |       |       |       |    36 |       |       ||    36
Dodge: Dodged            |    13 |    47 |   235 |   531 |  1497 |  2198 |  1476 |   388 ||  6385
Block: Buckler           |       |       |       |       |       |       |   238 |   161 ||   399
